[Event "Late-Titled-Tuesday-Blitz-September-26-2023"]
[Site "Chess.com"]
[Date "2023.09.26"]
[Round "7"]
[White "JacksterThePro"]
[Black "AlexandraBotez"]
[Result "1/2-1/2"]
[WhiteElo "2412"]
[BlackElo "2224"]
[TimeControl "180+1"]
[EndTime "15:16:59 PDT"]
[Termination "Game drawn by stalemate"]

1. d4 d5 2. c4 c6 3. Nc3 Nf6 4. Nf3 e6 5. e3 Bd6 6. Qc2 O-O 7.
Bd3 Nbd7 8. O-O Qe7 9. e4 dxe4 10. Nxe4 Nxe4 11. Bxe4 Nf6 12. Bd3 h6 13. Re1 b6 14.
Be3 Bb7 15. c5 bxc5 16. dxc5 Bc7 17. Bd4 Nd5 18. a3 a5 19. g3 Ba6 20. Ne5 Bxd3 21. Nxd3 a4 22. Qe2 Rfb8 23. Qg4 Qg5 24. Qe4 Rb3 25.
h4 Qf5 26. Qxf5 exf5 27. Ne5 Bxe5 28. Rxe5 Rd3 29. Be3 Nxe3 30. Rxe3 Rxe3 31. fxe3 Rb8 32. Rd1 Rxb2 33. Rd8+ Kh7 34. Rd6 Rb3 35. Kf2 Rxa3 36.
Rxc6 Rc3 37. Ke2 a3 38. Kd2 Rc4 39. Ra6 Rxc5 40. Rxa3 Kg6 41. Ke2 f6 42. Kf3 Rc1 43. Ra7 Rf1+ 44. Kg2 Re1 45. Kf2 Rb1 46. Rc7 Rb4 47.
Rd7 Re4 48. Rc7 h5 49. Rd7 Kh6 50. Rc7 Re6 51. Kf3 g6 52. Rb7 g5 53. Rb5 Kg6 54.
Rb8 Re7 55. Rg8+ Rg7 56. Rb8 Kh7 57. Rb5 Kg6 58. Ra5 Re7 59. Ra6 Re4 60. hxg5 Kxg5 61.
Ra8 Rc4 62. Rg8+ Kh6 63. Rf8 Kg6 64. Rg8+ Kh7 65. Rf8 Kg7 66. Ra8 Rc1 67. Ra7+ Kg6 68. Ra8 Rf1+ 69. Kg2 Re1 70. Kf2 Rh1 71. Kg2 Rb1 72. Kf3 Rb4 73. Rg8+ Kh7 74. Rc8 h4 75. gxh4 Rxh4 76. Rc7+ Kg6 77. Rc8 Rh3+ 78. Kf4 Rh4+ 79. Kf3 Rh7 80. Rc6 Kg5 81. Rc8 Rh3+ 82. Kf2 f4 83.
Rg8+ Kf5 84. exf4 Kxf4 85. Rb8 Rh2+ 86. Kf1 Rc2 87. Rb4+ Kg5 88. Rb5+ f5 89. Rb3 Kg4 90. Ra3 f4 91. Rb3 Ra2 92. Rc3 Rb2 93. Ra3 Rh2 94. Rb3 Rh1+ 95. Kf2 Rh2+ 96. Kf1 Rh3 97. Rxh3 Kxh3 98.
Kf2 Kh4 99. Kf3 Kg5 100. Kf2 Kg4 101. Kg2 Kf5 102. Kf3 Ke5 103. Kf2 Ke4 104. Ke2 f3+ 105. Kf2 Kf4 106. Kf1 Kg3 107. Kg1 f2+ 108. Kf1 Kf3 1/2-1/2

[Event "Late-Titled-Tuesday-Blitz-September-26-2023"]
[Site "Chess.com"]
[Date "2023.09.26"]
[Round "7"]
[White "moro182"]
[Black "iturrizaga"]
[Result "1-0"]
[WhiteElo "2906"]
[BlackElo "2992"]
[TimeControl "180+1"]
[EndTime "15:17:07 PDT"]
[Termination "moro182 won on time"]

1. c4 c5 2. g3 g6 3. Bg2 Bg7 4. Nc3 Nc6 5. d3 d6 6. Qd2 Qd7 7.
b3 b6 8. Bb2 Bb7 9. Nd5 e5 10.
e3 Nge7 11. Ne2 Nxd5 12. cxd5 Nb4 13. e4 a5 14. O-O h5 15. a3 Na6 16. f4 Qe7 17. h4 Bc8 18. fxe5 dxe5 19. Nc3 Nc7 20.
a4 O-O 21. Nd1 Ne8 22. Ne3 Nd6 23. Nc4 Rb8 24. Qg5 Qxg5 25. hxg5 Nxc4 26. dxc4 Bg4 27. Bf3 Bh3 28. Rf2 f6 29. gxf6 Rxf6 30. Bg2 Rxf2 31.
Kxf2 Rf8+ 32. Kg1 Bg4 33. Bc1 Kh7 34. Bb2 g5 35. Re1 Kg6 36. Bc1 h4 37. Re3 h3 38.
Bh1 Bd7 39. Re1 g4 40. Rf1 Rh8 41. Kh2 Rh5 42. Bd2 Be8 43. Be3 Rh8 44. Bd2 Bf6 45.
Be3 Kg7 46. Bd2 Bg6 47. Bc1 Rf8 48. Bd2 Kh7 49. Bg5 Kg7 50. Bxf6+ Rxf6 51. Rxf6 Kxf6 52. Kg1 Kg5 53. Kh2 Be8 54. Kg1 Kf6 55. Kf2 Ke7 56. Ke3 Kd6 57. Kf2 Bg6 58. Ke3 Bf7 59. Kd2 Be8 60. Kc3 Kc7 61. Kd3 Bd7 62. Kc3 Kd6 63.
Kd3 Bc8 64. Kc3 Ba6 65. Kd3 Bb7 66. Kc3 Ke7 67. Kd3 Bc8 68. Ke3 Kf6 69. Kd3 Kg5 70.
Ke3 Bd7 71. Kd3 Be8 72. Ke3 Bg6 73. Kd3 Kf6 74. Ke3 Bf7 75. Kd3 Be8 76. Kc3 Bd7 77. Kd3 Ke7 78. Kc3 Kd6 79. Kd3 Be8 80. Kc3 Bg6 81. Kd3 Bh5 82. Kc3 Bf7 83. Kd3 Ke7 84.
Kc3 Be8 85. Kd3 Bd7 86. Kc3 Kf6 87. Kd3 Kg5 88. Kc3 Kh5 89. Kd3 h2 90. Ke3 Kg5 91. Kf2 Kf6 92. Kg2 Ke7 93. Kxh2 b5 94.
axb5 Kd6 95. Bg2 Bxb5 96. cxb5 c4 97. b6 cxb3 98. Bf1 a4 99. Bc4 b2 100. Ba2 Kd7 101. Kg2 Kc8 102. d6 1-0

[Event "Late-Titled-Tuesday-Blitz-September-26-2023"]
[Site "Chess.com"]
[Date "2023.09.26"]
[Round "7"]
[White "ChristopherYoo"]
[Black "kleinebeer98"]
[Result "0-1"]
[WhiteElo "2989"]
[BlackElo "2816"]
[TimeControl "180+1"]
[EndTime "15:17:34 PDT"]
[Termination "kleinebeer98 won on time"]

1. e4 e5 2. Nf3 Nc6 3. Bb5 f5 4. Bxc6 dxc6 5. Nxe5 Qd4 6. Nf3 Qxe4+ 7. Kf1 Nf6 8. Nc3 Qg4 9. h3 Qh5 10. Qe2+ Be7 11. b3 Qf7 12. Ba3 Ne4 13. Nxe4 fxe4 14.
Qxe4 Bf5 15. Qe5 Kd7 16. Bxe7 Rae8 17. Qd4+ Kc8 18. Bg5 b6 19. d3 Rhf8 20. Be3 h6 21.
Kg1 g5 22. Re1 Kb7 23. Nd2 c5 24. Qa1 Bd7 25. f3 Bc6 26. Ne4 Qf5 27. Qd1 h5 28. Qe2 g4 29. hxg4 hxg4 30. fxg4 Qe5 31. Rh5 Qe6 32.
Ng3 Rg8 33. Nf5 Qd5 34. Ne7 Qe6 35. Nxg8 Rxg8 36. Bf4 Qd7 37. Qe6 Qd4+ 38. Be3 Qc3 39. Bf2 Re8 40. Qxc6+ Kxc6 41. Rxe8 Qxc2 42. Rh6+ Kb7 43.
Re3 Qxa2 44. Rg6 Qxb3 45. Kh2 a5 46. Rf3 a4 47. Rg7 a3 48. Rff7 Qxd3 49. Rxc7+ Ka6 50. Ra7+ Kb5 51. Bg3 Qc3 52. g5 a2 53. g6 a1=Q 54.
Rxa1 Qxg7 55. Rb1+ Kc6 56. Re1 Qxg6 57. Bf4 c4 58.
Re5 c3 59. Kh3 c2 60. g4 Qd3+ 61. Kh4 Qf1 62. Rf5 Qxf4 63. Rxf4 c1=Q 64. Rf6+ Kb7 65. g5 b5 66. Kh5 b4 67. g6 Qg1 68. Kh6 b3 69. g7 b2 70. Rf7+ Ka6 71. Rf6+ Ka5 72. Rf5+ Ka4 73. Rf4+ Ka3 74. Rf3+ Ka2 75. Rf8 b1=Q 76.
g8=Q+ Qxg8 77. Rxg8 Qf5 78. Rg5 Qf4 79. Kg6 Kb3 80.
Rf5 Qg4+ 81. Kf6 Kc4 82. Rg5 Qf4+ 83. Kg6 Kd4 84. Rf5 Qg4+ 85. Kf6 Ke4 86. Re5+ Kf4 87. Ra5 Qd7 88. Re5 Qd8+ 89. Re7 Qh8+ 90. Ke6 Ke4 91. Rf7 Qh6+ 92. Ke7 Ke5 93. Ke8 Qa6 94. Kf8 Ke6 95.
Re7+ Kf6 96. Rf7+ Kg6 97. Rg7+ Kh6 98. Rf7 Qd6+ 99. Ke8 Qc6+ 100. Kf8 Kg6 101. Rg7+ Kh6 102. Rf7 Qc3 103. Re7 Kg6 104. Re6+ Kf5 105. Re7 Qc8+ 106. Kf7 Qh8 107. Rd7 Qh7+ 108. Ke8 Qg8+ 109. Ke7 Ke5 110. Rc7 Qg7+ 111. Kd8 Qf8+ 112. Kd7 Kd5 113. Rb7 Qf7+ 114. Kc8 Qe8+ 115. Kc7 Kc5 116. Ra7 Qe7+ 117. Kb8 Qd8+ 118. Kb7 Kb5 119. Ra3 Qe7+ 120. Ka8 Qxa3+ 0-1

[Event "Late-Titled-Tuesday-Blitz-September-26-2023"]
[Site "Chess.com"]
[Date "2023.09.26"]
[Round "8"]
[White "Shuvalov"]
[Black "ferdipy"]
[Result "0-1"]
[WhiteElo "2465"]
[BlackElo "2349"]
[TimeControl "180+1"]
[EndTime "15:20:21 PDT"]
[Termination "ferdipy won by checkmate"]

1. d4 e5 2. dxe5 d6 3. Bf4 Nc6 4.
exd6 Qf6 5. Qc1 Bxd6 6. Bxd6 Qxd6 7. e3 Bf5 8. a3 Nf6 9. Nf3 O-O-O 10. Nbd2 Rhe8 11.
Bb5 Qc5 12. c4 Rxe3+ 13. fxe3 Qxe3+ 14. Kf1 Bd3# 0-1

[Event "Late-Titled-Tuesday-Blitz-September-26-2023"]
[Site "Chess.com"]
[Date "2023.09.26"]
[Round "8"]
[White "vova-79"]
[Black "Taran2004"]
[Result "1-0"]
[WhiteElo "2602"]
[BlackElo "2447"]
[TimeControl "180+1"]
[EndTime "15:20:39 PDT"]
[Termination "vova-79 won by resignation"]

1. d4 Nf6 2. c4 c5 3. Nf3 cxd4 4.
Nxd4 Nc6 5. g3 g6 6. Bg2 Bg7 7. O-O O-O 8. Nc3 a6 9. c5 Nxd4 10. Qxd4 d6 11. cxd6 Qxd6 12. Qxd6 exd6 13. Bf4 Bg4 14.
Bxd6 Rfd8 15. Bf4 Nh5 16. Bg5 f6 17. Be3 Bc8 18. Rfd1 Rxd1+ 19. Rxd1 f5 20. Rd8+ Kf7 21. Nd5 Bxb2 22. Nb6 1-0

[Event "Late-Titled-Tuesday-Blitz-September-26-2023"]
[Site "Chess.com"]
[Date "2023.09.26"]
[Round "8"]
[White "Lady_Nika"]
[Black "Nor1lsk"]
[Result "0-1"]
[WhiteElo "2533"]
[BlackElo "2761"]
[TimeControl "180+1"]
[EndTime "15:20:58 PDT"]
[Termination "Nor1lsk won by resignation"]

1. e4 c5 2. Nc3 a6 3. g3 b5 4.
Bg2 Bb7 5. Nce2 Nc6 6. d3 g6 7. f4 Bg7 8. Nf3 d6 9. Rb1 Nf6 10. O-O O-O 11. h3 b4 12. Be3 c4 13. g4 Qa5 14. g5 cxd3 15. cxd3 Nd7 16. Nc1 Rfc8 17. Rf2 Qb5 18. Nb3 a5 19. d4 a4 20. Bf1 Qb6 21.
Nc1 e5 22. fxe5 dxe5 23. Rd2 exd4 24. Nxd4 Nxd4 25. Bxd4 Bxd4+ 26. Rxd4 Ne5 27. Bg2 Nc6 28.
Ne2 Rd8 0-1

[Event "Late-Titled-Tuesday-Blitz-September-26-2023"]
[Site "Chess.com"]
[Date "2023.09.26"]
[Round "8"]
[White "MagnusCarlsen"]
[Black "mishanick"]
[Result "1-0"]
[WhiteElo "3292"]
[BlackElo "3096"]
[TimeControl "180+1"]
[EndTime "15:21:26 PDT"]
[Termination "MagnusCarlsen won by resignation"]

1. e4 c5 2. Nf3 e6 3. a3 d5 4.
Bb5+ Bd7 5. Bxd7+ Qxd7 6. exd5 exd5 7. O-O Nf6 8. d4 cxd4 9. Nxd4 Be7 10. Qf3 O-O 11. Nf5 Nc6 12. Nc3 Rae8 13. Bg5 Bd8 14. Bxf6 Bxf6 15. Nxd5 Bxb2 16. Rad1 Qc8 17. Nd6 Ne5 18.
Qb3 Qg4 19. Nxe8 Rxe8 20. h3 Qg6 21. Qxb2 Nf3+ 22. Kh1 Qd6 23. Nf6+ 1-0

[Event "Late-Titled-Tuesday-Blitz-September-26-2023"]
[Site "Chess.com"]
[Date "2023.09.26"]
[Round "8"]
[White "aNaartjieZA"]
[Black "Iball95"]
[Result "0-1"]
[WhiteElo "2606"]
[BlackElo "2753"]
[TimeControl "180+1"]
[EndTime "15:21:26 PDT"]
[Termination "Iball95 won by resignation"]

1. e4 c5 2. Nf3 e6 3. d3 d5 4. Nbd2 Nc6 5. g3 Nf6 6. Bg2 g6 7. O-O Bg7 8. Re1 O-O 9. c3 a5 10. a4 b6 11. e5 Nd7 12. d4 Ba6 13. Nf1 cxd4 14. cxd4 Rc8 15. Bd2 f6 16. Bh3 Re8 17. exf6 Qxf6 18. Bg5 Qf7 19. Bf4 h6 20. Ne3 Nb4 21. Bd6 Nd3 0-1

[Event "Late-Titled-Tuesday-Blitz-September-26-2023"]
[Site "Chess.com"]
[Date "2023.09.26"]
[Round "8"]
[White "rikchessmx"]
[Black "PawnEatingZombie"]
[Result "1-0"]
[WhiteElo "2361"]
[BlackElo "2153"]
[TimeControl "180+1"]
[EndTime "15:21:47 PDT"]
[Termination "rikchessmx won by resignation"]

1. e4 Nf6 2. e5 Nd5 3. d4 d6 4. c4 Nb6 5. exd6 cxd6 6. Nc3 g6 7. Be3 Bg7 8. h3 O-O 9. Nf3 Nc6 10. Be2 Bf5 11. O-O e5 12. d5 Ne7 13. Qd2 Rc8 14. b3 Bd7 15. Bg5 f6 16. Bh6 a5 17. a4 Be8 18. Bxg7 Kxg7 19. Nb5 Bxb5 20. axb5 Ra8 21. Ra2 Nd7 22. Rfa1 Nc5 23. Bd1 e4 24. Nd4 1-0

[Event "Late-Titled-Tuesday-Blitz-September-26-2023"]
[Site "Chess.com"]
[Date "2023.09.26"]
[Round "8"]
[White "KamlaPasand"]
[Black "Orest_Vovk"]
[Result "0-1"]
[WhiteElo "2435"]
[BlackElo "2582"]
[TimeControl "180+1"]
[EndTime "15:22:05 PDT"]
[Termination "Orest_Vovk won by resignation"]

1. e4 g5 2. d4 g4 3. Qxg4 d5 4. Qe2 dxe4 5. Qxe4 Nf6 6. Qd3 Nc6 7. c3 Qd5 8. Nf3 Bg4 9. Be2 O-O-O 10. Be3 e5 11. c4 Qa5+ 12. Bd2 e4 13. Qe3 Nb4 14. Bxb4 Bxb4+ 15.
Nfd2 Bxe2 16. Kxe2 Ng4 17. Qf4 Qh5 18. h3 f5 19. hxg4 Qxh1 20. Qxf5+ Kb8 21. Nxe4 Rxd4 22. a3 Qd1+ 23. Ke3 Qd3+ 24. Kf4 Rxe4+ 25. Qxe4 Bd6+ 26.
Kf5 Rf8+ 27. Kg5 Qxe4 0-1

[Event "Late-Titled-Tuesday-Blitz-September-26-2023"]
[Site "Chess.com"]
[Date "2023.09.26"]
[Round "8"]
[White "Njal28"]
[Black "OparinGrigoriy"]
[Result "1-0"]
[WhiteElo "3098"]
[BlackElo "2979"]
[TimeControl "180+1"]
[EndTime "15:22:24 PDT"]
[Termination "Njal28 won by resignation"]

1. e4 c5 2. Nc3 e6 3. g3 Nc6 4.
Bg2 Nf6 5. d3 d5 6. Nge2 dxe4 7.
Nxe4 Be7 8. O-O O-O 9. c3 Bd7 10. Be3 b6 11. Nxf6+ Bxf6 12. d4 cxd4 13. Nxd4 Nxd4 14.
Bxd4 e5 15. Bxe5 Bb5 16. Bxa8 Qxa8 17. Re1 Bg5 18. Bxg7 Kxg7 19. Re5 Bc6 20. Rxg5+ Kh8 21. Qd4+ f6 22. Rf5 Kg7 23. Re1 Rf7 24. Re7 1-0

[Event "Late-Titled-Tuesday-Blitz-September-26-2023"]
[Site "Chess.com"]
[Date "2023.09.26"]
[Round "8"]
[White "NicholasTakano"]
[Black "Bodhanas"]
[Result "0-1"]
[WhiteElo "2395"]
[BlackElo "2122"]
[TimeControl "180+1"]
[EndTime "15:22:30 PDT"]
[Termination "Bodhanas won by resignation"]

1. e4 e6 2. d4 d5 3. Nd2 Nf6 4. e5 Nfd7 5. c3 c5 6. Bd3 Nc6 7. Ne2 cxd4 8. cxd4 f6 9. exf6 Nxf6 10. O-O Bd6 11. Nf3 O-O 12. Bf4 Ne4 13. Bxd6 Qxd6 14. Ng3 Nxg3 15. hxg3 e5 16. dxe5 Nxe5 17. Nxe5 Qxe5 18. Qb3 b6 19. Rae1 Qd6 20. Rd1 Be6 21. Rfe1 Rad8 22. Be2 Rfe8 23. Bf3 d4 24. Qa4 a5 25. Rd2 Bd7 26. Rxe8+ Rxe8 27. Qxd4 Re1+ 28. Kh2 Qh6+ 29. Qh4 Qxd2 30. Qd8+ Re8 31. Qxb6 Qh6+ 32. Kg1 Qxb6 0-1

[Event "Late-Titled-Tuesday-Blitz-September-26-2023"]
[Site "Chess.com"]
[Date "2023.09.26"]
[Round "8"]
[White "nOcHeaTiNgKiD"]
[Black "melissa_guez"]
[Result "1-0"]
[WhiteElo "2592"]
[BlackElo "2215"]
[TimeControl "180+1"]
[EndTime "15:22:31 PDT"]
[Termination "nOcHeaTiNgKiD won by resignation"]

1. d4 d5 2. Bf4 c5 3. e3 Nc6 4.
c3 Nf6 5. Nd2 Bf5 6. Ngf3 h6 7.
dxc5 e6 8. Nd4 Bxc5 9. Nxf5 exf5 10. Be2 O-O 11. O-O g5 12. Bg3 Ne4 13. Nf3 Qb6 14.
Qc2 Rfe8 15. b4 Bxe3 16. fxe3 Qxe3+ 17. Bf2 Qb6 18. Bxb6 1-0

[Event "Late-Titled-Tuesday-Blitz-September-26-2023"]
[Site "Chess.com"]
[Date "2023.09.26"]
[Round "8"]
[White "Colombiano07"]
[Black "Gyulamiryan-koryun"]
[Result "1-0"]
[WhiteElo "2359"]
[BlackElo "2010"]
[TimeControl "180+1"]
[EndTime "15:22:36 PDT"]
[Termination "Colombiano07 won on time"]

1. d4 Nf6 2. c4 c5 3. d5 b5 4.
cxb5 a6 5. bxa6 Bxa6 6. Nc3 g6 7. e4 Bxf1 8. Kxf1 d6 9. g3 Bg7 10. Kg2 O-O 11. a4 Nbd7 12. Ra3 Qa5 13. Nf3 Rfb8 14.
Nb5 Ng4 15. Bd2 Qb6 16. Bc3 Bxc3 17. bxc3 c4 18. Qd4 Nc5 19. h3 Nf6 20. Nxd6 Qxd6 21.
e5 Qxd5 22. exf6 Qxd4 23. cxd4 Nxa4 24. Rha1 Rb4 25. fxe7 Re8 26. Rxa4 Rxa4 27. Rxa4 Rxe7 28. Rxc4 f6 29. d5 Kf7 30. Rd4 Rd7 31. d6 Ke6 32. g4 h6 33. Kg3 Ra7 34. h4 Rd7 35. h5 g5 36. Rd3 f5 37. Nd4+ Ke5 38. Nxf5 1-0

[Event "Late-Titled-Tuesday-Blitz-September-26-2023"]
[Site "Chess.com"]
[Date "2023.09.26"]
[Round "8"]
[White "chosenpr"]
[Black "PNEPaul"]
[Result "1-0"]
[WhiteElo "2279"]
[BlackElo "1941"]
[TimeControl "180+1"]
[EndTime "15:22:42 PDT"]
[Termination "chosenpr won by resignation"]

1. e4 e5 2. Nf3 Nc6 3. Bb5 f5 4. Nc3 Nf6 5. Qe2 Be7 6. d4 fxe4 7. Nxe4 O-O 8. dxe5 Nxe4 9. Qxe4 d6 10. O-O Bf5 11. Qd5+ Kh8 12. Re1 dxe5 13. Bxc6 bxc6 14. Qxd8 Raxd8 15. Nxe5 Bf6 16. Bf4 Bxc2 17. Rac1 Bf5 18. Rxc6 Bxe5 19.
Bxe5 Rd7 20. Rxc7 Rxc7 21. Bxc7 h6 22. Be5 Rc8 23. h3 Rc2 24. Bc3 a6 25. Re8+ Kh7 26. Re7 Kh8 27. Bxg7+ Kg8 28. Bc3 1-0

[Event "Late-Titled-Tuesday-Blitz-September-26-2023"]
[Site "Chess.com"]
[Date "2023.09.26"]
[Round "8"]
[White "korason34"]
[Black "whitemirrorninja"]
[Result "1-0"]
[WhiteElo "2658"]
[BlackElo "2490"]
[TimeControl "180+1"]
[EndTime "15:22:49 PDT"]
[Termination "korason34 won on time"]

1. Nf3 b6 2. e4 c5 3. d4 cxd4 4. Nxd4 Bb7 5. Nc3 Nc6 6. Be3 e6 7. Qd2 Nf6 8. f3 Rc8 9. Ndb5 d5 10. exd5 exd5 11. O-O-O Bb4 12. a3 Bxc3 13. Nxc3 O-O 14. Nxd5 Nxd5 15. Qxd5 Qf6 16. Bg5 Qg6 17. Bd3 Qh5 18. h4 Na5 19. Qa2 1-0

[Event "Late-Titled-Tuesday-Blitz-September-26-2023"]
[Site "Chess.com"]
[Date "2023.09.26"]
[Round "8"]
[White "ErikRonka"]
[Black "Roedor"]
[Result "0-1"]
[WhiteElo "2482"]
[BlackElo "2392"]
[TimeControl "180+1"]
[EndTime "15:22:52 PDT"]
[Termination "Roedor won by resignation"]

1. e4 e5 2. Nc3 Nf6 3. Bc4 Nc6 4. d3 Na5 5. Bb3 Bb4 6. Ne2 Nxb3 7. axb3 O-O 8. Bg5 h6 9. Bh4 Be7 10. O-O d6 11. f3 Nh5 12. Bf2 a6 13. b4 Be6 14.
Qd2 Bg5 15. Be3 Bxe3+ 16. Qxe3 Qg5 17. f4 exf4 18. Nxf4 Nxf4 19. Rxf4 Rae8 20. Raf1 f5 21. Qd4 fxe4 22. Rxf8+ Rxf8 23. Rxf8+ Kxf8 24. Qxe4 Qc1+ 25.
Kf2 Qxc2+ 26. Kg3 Qxb2 27. Qf4+ Ke7 28. Qd4 Kf8 29. Qf4+ Bf7 30. Qd4 b6 31. h4 a5 32.
bxa5 bxa5 0-1

[Event "Late-Titled-Tuesday-Blitz-September-26-2023"]
[Site "Chess.com"]
[Date "2023.09.26"]
[Round "8"]
[White "sofaceindisguise"]
[Black "Sanan_Sjugirov"]
[Result "1-0"]
[WhiteElo "2725"]
[BlackElo "2958"]
[TimeControl "180+1"]
[EndTime "15:23:06 PDT"]
[Termination "sofaceindisguise won by resignation"]

1. c4 Nf6 2. Nc3 e5 3. g3 Bb4 4. Bg2 Bxc3 5. dxc3 O-O 6. e4 d6 7. Qc2 a5 8. Nf3 Nbd7 9. a4 Nc5 10. Nd2 Be6 11.
b3 Nfd7 12. O-O f5 13. f4 fxe4 14. Nxe4 Bf5 15. fxe5 Nxe4 16. Bxe4 Bxe4 17. Rxf8+ Qxf8 18. Qxe4 Nxe5 19. Bf4 Ng6 20. Rf1 b6 21. Bxd6 Qe8 22. Qxe8+ Rxe8 23. Bxc7 Re6 24. Rd1 Ne7 25. Rd6 Re3 26.
Rxb6 Rxc3 27. Rb5 Nc6 28. Bxa5 Rc1+ 29. Kg2 Rc2+ 30. Kf3 Nd4+ 31. Ke4 Nxb5 32. axb5 Kf7 33. b6 Rb2 34. b4 1-0

[Event "Late-Titled-Tuesday-Blitz-September-26-2023"]
[Site "Chess.com"]
[Date "2023.09.26"]
[Round "8"]
[White "Druid24"]
[Black "Hikaru"]
[Result "0-1"]
[WhiteElo "2709"]
[BlackElo "3176"]
[TimeControl "180+1"]
[EndTime "15:23:11 PDT"]
[Termination "Hikaru won by resignation"]

1. e4 a6 2. d4 e6 3. Nc3 d5 4.
Nf3 Bb4 5. e5 c5 6. a3 Bxc3+ 7.
bxc3 Qc7 8. a4 b6 9. Bd3 Nc6 10. O-O Nge7 11. Ba3 Na5 12. h4 h6 13. h5 Bd7 14.
Qd2 O-O 15. Qf4 f5 16. Nh4 Nc4 17. Bc1 cxd4 18. cxd4 Be8 19. Bxc4 dxc4 20. Ra3 Nd5 21. Qg3 Kh8 22. Ng6+ Bxg6 23. hxg6 f4 24. Qg4 Rf5 25.
Rh3 Kg8 26. Ba3 Qd7 27. Rb1 Rg5 28. Qf3 Rxg6 29. Rh5 Qxa4 30. Qe4 Qe8 31. Bd6 Nc3 32. Qe1 Nxb1 33. Qxb1 Rxg2+ 34. Kxg2 Qxh5 0-1

[Event "Late-Titled-Tuesday-Blitz-September-26-2023"]
[Site "Chess.com"]
[Date "2023.09.26"]
[Round "8"]
[White "FERNANDEZL1983"]
[Black "Chessbard1972"]
[Result "1-0"]
[WhiteElo "2530"]
[BlackElo "2381"]
[TimeControl "180+1"]
[EndTime "15:23:35 PDT"]
[Termination "FERNANDEZL1983 won by resignation"]

1. e4 c5 2. Nf3 a6 3. c3 d5 4. exd5 Qxd5 5. d4 Nf6 6. Nbd2 Bg4 7. Bc4 Qh5 8. h3 Bxf3 9. Qxf3 Qxf3 10. Nxf3 e6 11. O-O Nc6 12. Be3 cxd4 13. Nxd4 Nxd4 14. Bxd4 Be7 15. Be2 O-O 16. Bf3 a5 17. b3 Nd5 18.
c4 Nf4 19. Rfd1 Rad8 20. Bb6 Rd6 21. Bxa5 Ra6 22. Bc7 g5 23. a4 Bf6 24. Rab1 b6 25.
g3 Nxh3+ 26. Kg2 g4 27. Bxg4 Ng5 28. Rd3 Ne4 29. Rh1 Rc8 30. Bf4 Nc5 31. Rf3 Rd8 32. Bh5 Nd3 33. Be3 Bc3 34. Bxf7+ Kh8 35. Bxe6 Ne1+ 36.
Rxe1 Bxe1 37. Bd5 Bc3 38. Bg5 Rg8 39. Bxg8 Kxg8 40. Rxc3 Ra5 41. Bd8 Ra6 42. c5 Kf7 43. cxb6 Ra8 44. Bc7 Ke7 45. b7 Re8 46. b8=Q Rxb8 47.
Bxb8 1-0

[Event "Late-Titled-Tuesday-Blitz-September-26-2023"]
[Site "Chess.com"]
[Date "2023.09.26"]
[Round "8"]
[White "stregachess"]
[Black "glebus008"]
[Result "1-0"]
[WhiteElo "2101"]
[BlackElo "2245"]
[TimeControl "180+1"]
[EndTime "15:23:37 PDT"]
[Termination "stregachess won on time"]

1. d4 d5 2. Nf3 Nf6 3. Bf4 c5 4. c3 Nc6 5. e3 Qb6 6. b3 cxd4 7.
exd4 Bg4 8. Be2 e6 9. O-O Qd8 10.
Ne5 Bxe2 11. Qxe2 Nxe5 12. Bxe5 Bd6 13. Nd2 Bxe5 14. Qxe5 O-O 15. Rac1 Rc8 16. Rc2 Rc6 17.
Rfc1 Qc7 18. Qe3 Rc8 19. h3 b5 20. f3 a5 21. Kh1 Nh5 22. Kg1 Ng3 23. c4 bxc4 24. bxc4 dxc4 25. Rxc4 Rxc4 26. Rxc4 Qd8 27. Rxc8 Qxc8 28. Kf2 Nf5 29. Qd3 Qc7 30. Ne4 1-0

[Event "Late-Titled-Tuesday-Blitz-September-26-2023"]
[Site "Chess.com"]
[Date "2023.09.26"]
[Round "8"]
[White "DanielNaroditsky"]
[Black "moro182"]
[Result "1-0"]
[WhiteElo "3134"]
[BlackElo "2903"]
[TimeControl "180+1"]
[EndTime "15:23:42 PDT"]
[Termination "DanielNaroditsky won by resignation"]

1. e4 g6 2. d4 Bg7 3. Nc3 a6 4.
f4 d5 5. e5 h5 6. Bd3 Nh6 7.
Nf3 Bg4 8. O-O e6 9. Ne2 h4 10.
h3 Bxf3 11. Rxf3 Nf5 12. c3 Nd7 13. Bxf5 gxf5 14. Be3 Bf8 15. Bf2 Be7 16. Kh2 c6 17. Nc1 Qc7 18. Nd3 c5 19. dxc5 Nxc5 20. Nxc5 Bxc5 21.
Bd4 O-O-O 22. b4 Bxd4 23. cxd4 Kb8 24. b5 a5 25. b6 Qxb6 26. Rb1 Qa6 27. Rfb3 Rd7 28.
Rb6 Qc4 29. Qd2 Rc7 30. Qb2 Kc8 31. Rxb7 Kd7 32. Qa3 Qc6 33. R7b6 1-0

[Event "Late-Titled-Tuesday-Blitz-September-26-2023"]
[Site "Chess.com"]
[Date "2023.09.26"]
[Round "8"]
[White "RCone"]
[Black "FMVolodymyrSakun"]
[Result "0-1"]
[WhiteElo "2431"]
[BlackElo "2653"]
[TimeControl "180+1"]
[EndTime "15:23:44 PDT"]
[Termination "FMVolodymyrSakun won on time"]

1. e4 c5 2. Nc3 Nc6 3. Bb5 g6 4. Bxc6 dxc6 5. d3 Bg7 6. f4 e5 7. h3 Qh4+ 8. Kf1 exf4 9. Nf3 Qe7 10. Bxf4 Nf6 11. Qd2 Nh5 12. Bh2 O-O 13. g4 Nf6 14.
Kg2 Be6 15. b3 h5 16. g5 Nd7 17. Rae1 f6 18. Rhf1 fxg5 19. Nxg5 Bxc3 20. Qxc3 Qxg5+ 21. Kh1 Bxh3 22. Rg1 Bg4 23. Qc4+ Kh7 24. e5 Bf3+ 0-1

[Event "Late-Titled-Tuesday-Blitz-September-26-2023"]
[Site "Chess.com"]
[Date "2023.09.26"]
[Round "8"]
[White "Saif_Malek04"]
[Black "Flawless_Fighter"]
[Result "1/2-1/2"]
[WhiteElo "2581"]
[BlackElo "2764"]
[TimeControl "180+1"]
[EndTime "15:23:45 PDT"]
[Termination "Game drawn by repetition"]

1. e4 c6 2. d3 d5 3. Nd2 g6 4. g3 Bg7 5. Bg2 e5 6. Ngf3 Ne7 7. O-O O-O 8. Re1 dxe4 9. dxe4 h6 10.
b3 Be6 11. Bb2 Qc7 12. Qe2 Nd7 13. Rad1 b5 14. h4 Rfe8 15. h5 g5 16. Nf1 Bg4 17. Ne3 Bxh5 18. g4 Bg6 19. Nf5 Rad8 20. Nxg7 Kxg7 21.
Rxd7 Qxd7 22. Nxe5 Qe6 23. Nxc6+ f6 24. Nxd8 Rxd8 25. e5 f5 26. gxf5 Bxf5 27. Qxb5 Rd2 28. Qb7 Kg6 29. Ba3 Rd7 30. Qf3 Nd5 31. Bc1 Bxc2 32.
Bh3 Bf5 33. Bxf5+ Qxf5 34. Qg2 Nc7 35. Qc6+ Qe6 36. Qe4+ Qf5 37. Qc6+ Qe6 38. Qe4+ Qf5 39. Qc6+ 1/2-1/2

[Event "Late-Titled-Tuesday-Blitz-September-26-2023"]
[Site "Chess.com"]
[Date "2023.09.26"]
[Round "8"]
[White "dedpihto_v_kozhanom_palto"]
[Black "vugarrasulov"]
[Result "0-1"]
[WhiteElo "2696"]
[BlackElo "2949"]
[TimeControl "180+1"]
[EndTime "15:23:47 PDT"]
[Termination "vugarrasulov won by resignation"]

1. c4 e6 2. Nc3 d5 3. cxd5 exd5 4. d4 c6 5. Nf3 Bf5 6. Bg5 Be7 7. Bxe7 Qxe7 8. e3 Nf6 9. Bd3 Bxd3 10. Qxd3 O-O 11.
O-O Nbd7 12. Nd2 Rfe8 13. Rab1 a5 14. Qc2 b5 15. Ne2 Rac8 16. Nf4 c5 17. dxc5 Nxc5 18. Rbc1 g6 19. Nf3 Kg7 20. Qc3 b4 21. Qd4 Ne6 22.
Nxe6+ Qxe6 23. h3 h6 24. Rfd1 Rc4 25. Qa7 Rec8 26. Rxc4 dxc4 27. Qxa5 c3 28. Qxb4 c2 29. Rc1 Qxa2 30. Nd4 Qb1 31. Qe1 Qxb2 32. f3 Nd5 33.
Qd2 Nb4 34. Kh2 Kh7 35. h4 Qc3 36. Qxc3 Rxc3 37. Kg1 Rxe3 38. Kf2 Rd3 39. Ne2 g5 40. hxg5 hxg5 41. Rh1+ Kg6 42. Rh8 Rd2 43. Rc8 Nd3+ 44.
Ke3 Rxe2+ 45. Kxd3 Rxg2 46. Ke3 f6 47. Rc5 Kh5 48. Rc6 Kh4 49. f4 g4 50. Ke4 Re2+ 51. Kf5 g3 52. Rxf6 g2 0-1

[Event "Late-Titled-Tuesday-Blitz-September-26-2023"]
[Site "Chess.com"]
[Date "2023.09.26"]
[Round "8"]
[White "aranibos"]
[Black "NigelDwarf"]
[Result "1/2-1/2"]
[WhiteElo "2281"]
[BlackElo "2515"]
[TimeControl "180+1"]
[EndTime "15:23:50 PDT"]
[Termination "Game drawn by repetition"]

1. d4 Nf6 2. c3 g6 3. Bg5 Ne4 4. h4 c5 5. e3 Bg7 6. Bf4 Qb6 7. Qb3 d5 8. Bxb8 Rxb8 9. Bb5+ Kf8 10. Be2 c4 11.
Qxb6 axb6 12. Nd2 Nd6 13. h5 b5 14. a3 Bd7 15. h6 Bf6 16. g4 Nc8 17. f4 e6 18. g5 Be7 19. e4 Nb6 20. Ngf3 Na4 21.
Rb1 Bd6 22. Ne5 Ke7 23. exd5 exd5 24. Bf3 Bf5 25. Bxd5 Bxe5 26. fxe5 Bxb1 27. Nxb1 Nxb2 28. O-O Rhf8 29. Nd2 Na4 30. Ne4 Nb6 31. Nf6 Nxd5 32. Nxd5+ Kd7 33. Rf6 Ra8 34. Nb6+ Ke7 35. Nxa8 Rxa8 36.
Rb6 Rxa3 37. Rxb7+ Ke6 38. Rxb5 Rxc3 39. Rb6+ Ke7 40.
d5 Rg3+ 41. Kf2 Rxg5 42. Rb7+ Ke8 43. Rb8+ Ke7 44. Rb7+ Ke8 45. Rb8+ Ke7 46. Rb7+ 1/2-1/2